 Dungeon Crawl Stone Soup version 0.30.0-18-gc0e69614cb (webtiles) character file.

Game seed: 7373743281426262562

8920 McKennaii the Destroyer (level 10, 0/69 HPs)
             Began as a Demigod Conjurer on May 25, 2023.
             Slain by Snorg (5 damage)
             ... on level 10 of the Dungeon.
             The game lasted 00:12:53 (11536 turns).

McKennaii the Destroyer (Demigod Conjurer)         Turns: 11536, Time: 00:12:53

Health: 0/69       AC:  3    Str:  8    XL:     10   Next: 95%
Magic:  0/29       EV: 12    Int: 32    God:
Gold:   620        SH:  0    Dex: 12    Spells: 23/30 levels left

rFire   . . .        G - +3 greatsling "Punk" {acid, rCorr}
rCold   + . .        (no shield)
rNeg    . . .        a - +0 robe
rPois   .            (no helmet)
rElec   .            D - +0 cloak
rCorr   +            (no gloves)
SInv    .            (no boots)
Will    ++...        (no amulet)
Stlth   ++           H - ring of protection from cold
HPRegen 0.31/turn    C - ring of willpower
MPRegen 0.21/turn

%: no passive effects
@: no status effects
A: high MP 1, forlorn, divine attributes
a: no special abilities


You were on level 10 of the Dungeon.
You visited 1 branch of the dungeon, and saw 10 of its levels.

You collected 633 gold pieces.
You spent 13 gold pieces at shops.

Inventory:

Hand Weapons
 r - a +6 morningstar of freezing
 G - the +3 greatsling "Punk" (weapon) {acid, rCorr}
   (You found it on level 8 of the Dungeon)

   rCorr:     It protects you from acid and corrosion.
Missiles
 E - 3 throwing nets
Armour
 a - a +0 robe (worn)
 D - a +0 cloak (worn)
Jewellery
 c - a ring of see invisible
 C - a ring of willpower (right hand)
 H - a ring of protection from cold (left hand)
Wands
 d - a wand of charming (1)
 F - a wand of light (8)
 I - a wand of flame (10)
Scrolls
 e - 3 scrolls of fog {unknown}
 f - 6 scrolls of teleportation {unknown}
 g - 4 scrolls of amnesia {unknown}
 h - 4 scrolls of blinking {unknown}
 i - 9 scrolls of identify {unknown}
 k - 4 scrolls of enchant armour {unknown}
 l - 2 scrolls of immolation {unknown}
 m - a scroll of noise {unknown}
 n - 3 scrolls of fear {unknown}
 o - 2 scrolls of silence {unknown}
 s - 3 scrolls of vulnerability {unknown}
 t - 2 scrolls of brand weapon {unknown}
 y - 2 scrolls of enchant weapon {unknown}
 A - 3 scrolls of magic mapping {unknown}
 J - a scroll of poison {unknown}
Potions
 b - 3 potions of magic
 j - 2 potions of resistance {unknown}
 p - a potion of berserk rage {unknown}
 q - 2 potions of attraction {unknown}
 u - 3 potions of curing {unknown}
 v - 2 potions of cancellation {unknown}
 w - a potion of ambrosia {unknown}
 x - 2 potions of mutation {unknown}
 z - 3 potions of haste {unknown}
 B - 4 potions of brilliance {unknown}


   Skills:
 - Level 1.7 Dodging
 - Level 1.7 Stealth
 + Level 10.6 Spellcasting
 + Level 11.9 Conjurations


You had 23 spell levels left.
You knew the following spells:

 Your Spells              Type           Power      Damage    Failure   Level
a - Magic Dart            Conj           100%       1d8       1%          1
b - Searing Ray           Conj           100%       2d8       1%          2
c - Iskenderun's Mystic   Conj/Tloc      53%        2d11      2%          4

Your spell library contained the following spells:

 Spells                   Type           Power      Damage    Failure   Level
 Dazzling Flash           Conj/Hex       100%       N/A       1%          3
 Fulminant Prism          Conj/Hex       26%        3d13      2%          4
 Sting                    Tmut/Pois      68%        1d6       3%          1
 Poisonous Vapours        Pois/Air       34%        N/A       4%          2
 Irradiate                Conj/Tmut      26%        3d20      7%          5
 Olgreb's Toxic Radiance  Pois           17%        N/A       28%         4
 Blade Hands              Tmut           8%         N/A       63%         5
 Dragon Form              Tmut           8%         N/A       100%        7


Dungeon Overview and Level Annotations

Branches:
Dungeon (10/15)            Temple (0/1) D:6
   Lair: D:8-11         Orc: D:9-12

Shops:
D:5 !   D:10 (

Annotations:
D:10 Snorg


Innate Abilities, Weirdness & Mutations

You have an increased reservoir of magic. (+10% MP)
You shall have no god before yourself.
Your divine heritage dramatically boosts your attributes as you level up.


Message History

Things that are here:
a +0 giant club; a +0 giant spiked club
There is a stone staircase leading up here.
Okay, then.
Aiming: Bolt of Light
Press: ? - help, Shift-Dir - straight line, f/p - Snorg
Aim: Snorg (severely wounded, 71% to hit)
The bolt of light hits Snorg!
Snorg is severely wounded.
Snorg is blinded.
Unknown command.
Unknown command.
Fire: G) +3 greatsling "Punk" {acid, rCorr}
Press: ? - help, Q - select action, (/) - cycle Shift-Dir - straight line, f/p - Snorg
Aim: Snorg (severely wounded, blind, 57% to hit)
You shoot a sling bullet. The sling bullet hits Snorg.
Snorg is splashed with acid!
The acid corrodes Snorg!
Snorg is almost dead.
Snorg goes berserk!
Snorg rages.
Unknown command.
Casting: Iskenderun's Mystic Blast (dangerous; 2% risk of failure)
Confirm with . or Enter, or press ? or * to list all spells.
Aiming: Searing Ray (safe; 1% risk of failure)
Press: ? - help, Shift-Dir - straight line, f/p - Snorg
Aim: Snorg (almost dead, berserk, blind, covered in acid, 83% to hit)
The searing ray hits Snorg!
Snorg is almost dead. (Press . to maintain the ray.) Unknown command.
The searing ray hits Snorg!
Snorg is almost dead.
Snorg bites you!
* * * LOW HITPOINT WARNING * * *
Snorg claws you!
* * * LOW HITPOINT WARNING * * *
Snorg closely misses you. Snorg barely misses you.
Snorg claws you but does no damage. Snorg claws you.
You die...

.##........#
.##........#######
..#.........T∩..)#
#.#.......######.#
#.#.......# #(#
#W######.## #.#
#.# #W# #)# #.#
#.# #T# #.######.#
#@# #...W.†..# #.#
########## #.# ###


You could see Snorg (berserk, blind, corroded).

Vanquished Creatures
  Harold (D:10)
  3 two-headed ogres
  Pikel (D:5)
  A manticore (D:9)
  Psyche (D:8)
  A hornet (D:8)
  A wraith (D:10)
  10 yaks
  The ghost of dertzug the Poker, an amateur MiGl (D:4)
  A water moccasin (D:9)
  An orc warrior (D:5)
  2 sky beasts
  5 centaurs
  A lemure (D:5)
  A phantom (D:5)
  2 gnoll sergeants (D:9)
  4 bullfrogs
  A scorpion (D:5)
  9 wights
  10 killer bees
  2 howler monkeys
  4 hounds
  A gnoll bouda (D:7)
  3 orc priests
  2 jellies
  6 iguanas
  16 orc wizards
  12 gnolls
  10 adders
  4 white imps
  2 ufetubi
  2 worms (D:2)
  3 dart slugs
  28 orcs
  11 ball pythons
  5 bats
  8 endoplasms
  4 giant cockroaches
  10 goblins
  4 hobgoblins
  2 jackals (D:1)
  2 quokkas
  10 kobolds
  A rat (D:2)
209 creatures vanquished.

Notes
Turn   | Place    | Note
-------+----------+-------------------------------------------
     0 | D:1      | McKennaii the Demigod Conjurer began the quest for the Orb.
     0 | D:1      | Reached XP level 1. HP: 14/14 MP: 5/5
   290 | D:1      | Reached XP level 2. HP: 20/20 MP: 3/7
   538 | D:1      | Reached skill level 4 in Conjurations
   922 | D:2      | Learned a level 2 spell: Searing Ray
   959 | D:2      | Reached XP level 3. HP: 26/26 MP: 1/9
  1805 | D:2      | Reached XP level 4. HP: 33/33 MP: 4/11
  2230 | D:3      | HP: 1/33 [orc wizard/magic dart (6)]
  2358 | D:3      | Reached XP level 5. HP: 27/38 MP: 2/13
  2359 | D:3      | Reached skill level 5 in Conjurations
  3546 | D:4      | Reached XP level 6. HP: 45/45 MP: 7/15
  3910 | D:4      | Found a runed translucent door.
  4834 | D:4      | Noticed dertzug's ghost (amateur MiGl)
  4866 | D:5      | Entered Level 5 of the Dungeon
  4890 | D:5      | Reached skill level 6 in Conjurations
  5119 | D:5      | Reached XP level 7. HP: 50/50 MP: 13/17
  5143 | D:5      | Reached skill level 5 in Spellcasting
  5587 | D:5      | Noticed Pikel
  5601 | D:5      | Killed Pikel
  5602 | D:5      | Reached skill level 7 in Conjurations
  5602 | D:5      | Reached XP level 8. HP: 37/57 MP: 9/21
  5822 | D:5      | Found Daadiras's Distillery.
  5894 | D:5      | Bought a potion of degeneration for 13 gold pieces
  6021 | D:6      | Learned a level 4 spell: Iskenderun's Mystic Blast
  6238 | D:4      | Killed dertzug's ghost
  6361 | D:5      | Reached skill level 8 in Conjurations
  6498 | D:6      | Found a staircase to the Ecumenical Temple.
  7660 | D:7      | Reached XP level 9. HP: 62/62 MP: 14/24
  7747 | D:7      | Reached skill level 9 in Conjurations
  8716 | D:8      | Noticed Psyche
  8725 | D:8      | Killed Psyche
  9124 | D:8      | Found the +3 greatsling "Punk" {acid, rCorr}
  9154 | D:8      | Reached skill level 10 in Conjurations
  9545 | D:8      | Noticed a two-headed ogre
  9553 | D:8      | Killed a two-headed ogre
  9736 | D:9      | Reached XP level 10. HP: 69/69 MP: 23/27
 10070 | D:9      | HP: 3/69 [centaur/arrow (13)]
 10506 | D:9      | Noticed a manticore
 10512 | D:9      | Killed a manticore
 10513 | D:9      | Reached skill level 11 in Conjurations
 11022 | D:10     | Entered Level 10 of the Dungeon
 11027 | D:10     | Found Roicoymi's Antique Weapon Shoppe.
 11076 | D:10     | Noticed a two-headed ogre
 11082 | D:10     | Killed a two-headed ogre
 11083 | D:10     | Reached skill level 10 in Spellcasting
 11366 | D:10     | Noticed a two-headed ogre
 11378 | D:10     | Killed a two-headed ogre
 11435 | D:10     | Noticed Harold
 11452 | D:10     | Killed Harold
 11517 | D:10     | Noticed Snorg
 11536 | D:10     | Slain by Snorg

Illustrated notes

Levels and vault maps discovered:
D:1:      psy_arrival_spokes, layout_basic, minmay_misc_feat_encased
D:2:      layout_loops_cross, basic_altar, nicolae_half_adder
D:3:      layout_loops_cross, gammafunk_temple_overflow_forgotten,
          serial_rivers, chequers_serial_rivers_large_b,
          chequers_serial_rivers_micro_b, chequers_serial_rivers_micro_b,
          chequers_serial_rivers_micro_c, shapermc_ecumenical_altar_notcrosses,
          minmay_pentangle
D:4:      layout_basic, ebering_ghost_reflecting_pool
D:5:      layout_rooms, serial_shops, nicolae_inconvenience_store,
          chequers_serial_rivers_large_a, uniq_pikel
D:6:      layout_cave_pools, minmay_temple_entry_wispy
D:7:      layout_gridville, minmay_crystal_room
D:8:      layout_basic, uniq_psyche
D:9:      layout_loops_cross
D:10:     hellmonk_destroyed_diamonds, layout_basic, david_orc_4, serial_rivers,
          chequers_serial_rivers_micro_e, chequers_serial_rivers_micro_c,
          chequers_serial_rivers_micro_c, chequers_serial_rivers_room_a,
          serial_shops, shop, nzn_sisyphean_effort, uniq_harold, uniq_josephine,
          uniq_snorg

Skill      XL: |  1  2  3  4  5  6  7  8  9 10 |
---------------+-------------------------------+-----
Spellcasting   | 2 3 4 6 7 9 10 | 10.6
Conjurations   | 4 5 6 7 8 10 11 | 11.9
Dodging        | |  1.7
Stealth        | |  1.7

Action                     |  1- 3 |  4- 6 |  7- 9 | 10-12 || total
---------------------------+-------+-------+-------+-------++-------
  Melee: Unarmed           |     9 |    31 |       |       ||    40
   Fire: Greatsling        |       |       |    16 |    51 ||    67
   Cast: Magic Dart        |    79 |   125 |    92 |       ||   296
         Searing Ray       |     3 |    19 |    46 |    19 ||    87
         Iskenderun's Myst |       |       |    16 |    34 ||    50
  Evoke: Wand              |       |       |     1 |     1 ||     2
    Use: Potion            |       |     1 |     1 |       ||     2
 Armour: Robe              |     4 |     9 |     5 |     4 ||    22
  Dodge: Dodged            |    16 |    42 |    47 |    20 ||   125
